Cogmind - Beta 17 @@@ ROGUE MODE // 2026.07.07 @ 14:10:30 Player: ldi (hl). (hl) Result: Destroyed by U6-NMP(R) with Subdweller Beam Cannon Performance ------------- Evolutions (0) 0 Regions Visited (3) 600 Robots Destroyed (11) 55 Value Destroyed (436) 436 Prototype IDs (2) 40 Alien Tech Used (0) 0 Bonus (0) 0 TOTAL SCORE: 1131 Bonus ------- None Cogmind --------- Core Integrity 0/250 Matter 300/300 Energy 228/250 System Corruption 0% Temperature Cool (9) Movement Rolling (110) Location -10/Subcaves Parts ------- > --- POWER (1) -------- Ion Engine > --- PROPULSION (2) --- Subdweller Monowheel > --- UTILITY (2) ------ Heat Sink Targeting Computer > --- WEAPON (2) ------- Medium Laser Beam Cannon > --- INVENTORY (5) ---- Ion Engine Utility Shielding Small Laser Battle Rifle Peak State ------------ > --- POWER ------------ Ion Engine > --- PROPULSION ------- Light Treads Light Treads > --- UTILITY ---------- Improved Heat Sink Light Armor Plating > --- WEAPON ----------- Medium Laser Beam Cannon > --- INVENTORY -------- Ion Engine Targeting Computer Utility Shielding Small Laser [Rating: 9] Favorites ----------- Power Ion Engine Engine Ion Engine Propulsion Light Treads Treads Light Treads Leg Aluminum Leg Wheel Subdweller Monowheel Utility Light Armor Plating Device Improved Heat Sink Storage Small Storage Unit Processor Targeting Computer Protection Light Armor Plating Weapon Medium Laser Energy Gun Medium Laser Energy Cannon Beam Cannon Ballistic Gun Assault Rifle Build | -11 -10 -10 -10 ------- Run | Yrd Mat Min Sub Slots Evolved . | . . . . Power . | . . . . Propulsion . | . . . . Utility . | . . . . Weapon . | . . . . Parts Attached 19 | 6 4 6 3 Power 1 | 1 . . . Engine 1 | 1 . . . Core . | . . . . Reactor . | . . . . Propulsion 7 | 2 2 2 1 Treads 2 | . . 2 . Leg 4 | 2 2 . . Wheel 1 | . . . 1 Hover . | . . . . Flight . | . . . . Utility 7 | 1 1 3 2 Device 2 | . . 1 1 Storage 1 | 1 . . . Processor 1 | . . . 1 Hackware . | . . . . Protection 3 | . 1 2 . Artifact . | . . . . Weapon 4 | 2 1 1 . Energy Gun 2 | 1 1 . . Energy Cannon 1 | . . 1 . Ballistic Gun 1 | 1 . . . Ballistic Cannon . | . . . . Launcher . | . . . . Special Weapon . | . . . . Impact Weapon . | . . . . Slashing Weapon . | . . . . Piercing Weapon . | . . . . Special Melee Weapon . | . . . . Unidentified Prototypes . | . . . . Parts Lost 6 | . 1 1 4 Power . | . . . . Propulsion 2 | . . . 2 Utility 2 | . . . 2 Weapon 2 | . 1 1 . Highest Loss Streak 4 | . 1 1 4 To Critical Strikes . | . . . . Average Backups 3 | 1 3 4 4 Power . | . 1 1 1 Propulsion . | . . . . Utility 1 | . . 1 2 Weapon 1 | . 1 1 1 Tool/Special . | . . . . Unused Backups 3 | . . . 3 Power 1 | . . . 1 Propulsion . | . . . . Utility . | . . . . Weapon 2 | . . . 2 Tool/Special . | . . . . Average Slot Usage (%) 95 | . 95 99 91 Engine 14 | . 14 14 14 Treads 15 | . . 23 18 Leg 9 | . 28 4 . Device 5 | . . 3 13 Storage 4 | . 14 1 . Protection 15 | . 9 22 9 Energy Gun 14 | . 14 14 14 Energy Cannon 8 | . . 11 14 Ballistic Gun 5 | . 14 2 . Peak Build Rating 9 | 6 7 9 9 Average Rating 7 | 4 6 7 7 On Entrance 5 | . 6 7 9 Avg Prop Armor Cover (%) . | . . . . Naked Turns . | . . . . Heaviest Build 15 | 13 15 15 14 Greatest Support 40 | 20 20 40 40 Greatest Overweight (x) 3 | . . . 3 Average Overweight (x) . | . . . . Largest Inventory Capacity 8 | 8 8 8 5 Average Capacity 6 | 6 8 5 5 Most Carried 5 | 2 5 5 5 Average Carried 3 | 1 3 4 4 Final Capacity 8 | 8 8 5 5 Final Carried 5 | 2 5 5 4 Class Distribution -------------------- 100% | Mutant Dominant Class ---------------- Mutant | -10/Materials Mutant | -10/Mines Mutant | -10/Subcaves Resources | -11 -10 -10 -10 ----------- Run | Yrd Mat Min Sub Matter Collected 529 | 241 129 129 30 Remotely . | . . . . Salvage Created 501 | . 266 144 91 Parts 15 | . 8 5 2 Haulers Intercepted . | . . . . Recyclers Shooed 1 | . 1 . . Parts Field Recycled . | . . . . Retrieved Matter . | . . . . Parts Self-Destructed 6 | . . . 6 Prevented . | . . . . Parts Restored . | . . . . Kills | -11 -10 -10 -10 ------- Run | Yrd Mat Min Sub Combat Hostiles Destroyed 11 | . 6 3 2 Guns 8 | . 6 1 1 Cannons 1 | . . 1 . Classes Destroyed 3 | . 1 1 1 Grunt 8 | . 6 2 . Sentry 1 | . . 1 . Subdweller 2 | . . . 2 Best Kill Streak 4 | . 4 2 2 Combat Bots Only 4 | . 4 2 2 Max Kills in Single Turn 1 | . 1 1 1 Gunslinging . | . . . . Exploded . | . . . . Melee . | . . . . Uniques/NPCs Destroyed . | . . . . Combat | -11 -10 -10 -10 -------- Run | Yrd Mat Min Sub Hostile Shots Fired 95 | . 56 20 19 Missed 28 | . 20 2 6 Hits 67 | . 36 18 13 Projectile 67 | . 36 18 13 Damage Taken 1017 | . 501 236 280 Core 261 | . 124 63 74 Absorbed by Shields . | . . . . Redirected to Shielding 40 | . 35 5 . Core Remaining (%) 100 | 100 . . . Volleys Fired 49 | . 25 13 11 Largest 2 | . 2 2 2 Hottest 110 | . 70 110 110 Shots Fired 96 | . 48 26 22 Gun 75 | . 48 16 11 Cannon 21 | . . 10 11 Launcher . | . . . . Special . | . . . . Kinetic 28 | . 25 3 . Thermal 68 | . 23 23 22 Explosive . | . . . . Electromagnetic . | . . . . Robot Hit Streak 18 | . 16 10 18 Robot Miss Streak 4 | . 4 1 1 Penetration Max . | . . . . Secondary Targets . | . . . . Shots Hit Robots 76 | . 35 22 19 Core Hits 18 | . 12 4 2 Critical Kills 1 | . . . 1 Critical Parts Destroyed . | . . . . Critical Strikes 2 | . . 1 1 Burn 1 | . . 1 . Meltdown 1 | . . . 1 Melee Attacks . | . . . . Impact . | . . . . Slashing . | . . . . Piercing . | . . . . Sneak Attacks . | . . . . Combat Hostiles . | . . . . Follow-up Attacks . | . . . . Damage Inflicted 951 | . 418 305 228 Guns 707 | . 418 200 89 Cannons 244 | . . 105 139 Explosions . | . . . . Melee . | . . . . Ramming . | . . . . Kinetic 245 | . 208 37 . Thermal 706 | . 210 268 228 Explosive . | . . . . Electromagnetic . | . . . . Impact . | . . . . Slashing . | . . . . Piercing . | . . . . Highest Corruption . | . . . . Average Corruption . | . . . . Corruption Purged . | . . . . Corruption Blocked . | . . . . Overload Shots . | . . . . Overflow Damage . | . . . . Projectiles . | . . . . Explosions . | . . . . Melee . | . . . . Knockbacks . | . . . . Impact . | . . . . Kinetic . | . . . . Secondary . | . . . . Self-Inflicted Damage . | . . . . Shots . | . . . . Rammed . | . . . . Targets Rammed . | . . . . Kicked . | . . . . Crushed . | . . . . Highest Temperature 430 | . 120 430 2 Average Temperature 101 | . 43 178 2 Received Heat Transfer 459 | . 291 114 54 Effects 8 | . . 8 . Shutdowns 2 | . . 2 . Matter Decay 1 | . . 1 . Damage (minor) 1 | . . 1 . Damage (major) 4 | . . 4 . Siege Activations . | . . . . Martial Activations . | . . . . Shielding Activations . | . . . . Robots Disrupted . | . . . . Combat Hostiles . | . . . . Robots Corrupted . | . . . . Combat Hostiles . | . . . . Parts Fried . | . . . . Impact Corruptions . | . . . . Robots Melted 2 | . . 1 1 Combat Hostiles 2 | . . 1 1 Parts Melted 3 | . . . 3 Heat Transferred 1854 | . 522 777 555 Parts Sabotaged . | . . . . Parts Stolen . | . . . . Parts Stripped . | . . . . Power Chain Reactions . | . . . . Alert | -11 -10 -10 -10 ------- Run | Yrd Mat Min Sub Maximum Alert Level . | . . . . Low Security (%) 100 | 100 100 100 . Level 1 . | . . . . Level 2 . | . . . . Level 3 . | . . . . Level 4 . | . . . . Level 5 . | . . . . High Security . | . . . . Max Security . | . . . . Peak Influence 101 | . 101 51 . Initial 31 | . . 31 . Average 14 | . 24 12 . Influence Increases 231 | . 161 70 . Destroy 0b10 Robot/C 180 | . 120 60 . Destroy Leader 40 | . 30 10 . Successful Hack 10 | . 10 . . Destroy Structure 1 | . 1 . . Influence Decreases 231 | . 80 151 . Entered New Map 50 | . . 50 . Time Decay 161 | . 70 91 . Lost Part 20 | . 10 10 . Squads Dispatched 2 | . 2 . . Investigation . | . . . . Extermination . | . . . . Reinforcement 2 | . 2 . . Assault . | . . . . Garrison . | . . . . Intercept . | . . . . Searches Triggered . | . . . . Construction Impeded . | . . . . Haulers Reinforced . | . . . . Active Scanning Responses . | . . . . Cargo Convoy Interrupts . | . . . . Stealth | -11 -10 -10 -10 --------- Run | Yrd Mat Min Sub Distress Signals 1 | . 1 . . Communications Jammed . | . . . . Distress Signals . | . . . . Times Spotted 17 | . 10 4 3 Peak Tracking Total 7 | . 7 2 2 Tactical Retreats . | . . . . Traps | -11 -10 -10 -10 ------- Run | Yrd Mat Min Sub Traps Triggered . | . . . . Indirectly . | . . . . Trap Hack Attempts . | . . . . Triggered . | . . . . Disarmed . | . . . . Reprogrammed . | . . . . Reused . | . . . . Traps Extracted . | . . . . Installed . | . . . . Triggered . | . . . . Machines | -11 -10 -10 -10 ---------- Run | Yrd Mat Min Sub Machines Disabled . | . . . . Max in Single Turn . | . . . . Machines Repaired . | . . . . Machines Dismantled . | . . . . Machines Sabotaged . | . . . . Overloaded Fab Kills . | . . . . Hacking | -11 -10 -10 -10 --------- Run | Yrd Mat Min Sub Machines Accessed 1 | . 1 . . Terminals 1 | . 1 . . Fabricators . | . . . . Repair Stations . | . . . . Recycling Units . | . . . . Scanalyzers . | . . . . Garrison Access . | . . . . Total Hacks 3 | . 3 . . Successful 2 | . 2 . . Failed 1 | . 1 . . Catastrophic . | . . . . Database Lockouts . | . . . . Manual 2 | . 2 . . Terminals 3 | . 3 . . Fabricators . | . . . . Repair Stations . | . . . . Recycling Units . | . . . . Scanalyzers . | . . . . Garrison Access . | . . . . Terminal Hacks 1 | . 1 . . Prototype ID Bank 1 | . 1 . . Fabricator Hacks . | . . . . Repair Station Hacks . | . . . . Recycling Unit Hacks . | . . . . Scanalyzer . | . . . . Garrison Access Hacks . | . . . . Unauthorized Hacks 1 | . 1 . . Terminals 1 | . 1 . . Botnet 1 | . 1 . . Fabricators . | . . . . Repair Stations . | . . . . Recycling Units . | . . . . Scanalyzers . | . . . . Garrison Access . | . . . . Data Cores Recovered . | . . . . Used . | . . . . Hacking Detections 1 | . 1 . . Full Trace Events . | . . . . Feedback Events . | . . . . Feedback Blocked . | . . . . Robot Schematics Acquired . | . . . . Robots Built . | . . . . Authchips . | . . . . Time . | . . . . Total Robot Build Rating . | . . . . Part Schematics Acquired . | . . . . Parts Built . | . . . . Authchips . | . . . . Time . | . . . . Total Part Build Rating . | . . . . Part Studies Acquired . | . . . . Parts Repaired . | . . . . Time . | . . . . Parts Recycled . | . . . . Recycled Matter . | . . . . Retrieved Matter . | . . . . Retrieved Components . | . . . . Parts Scanalyzed . | . . . . Part Schematics Acquired . | . . . . Parts Damaged . | . . . . Bothacking | -11 -10 -10 -10 ------------ Run | Yrd Mat Min Sub Used RIF Installer . | . . . . Robots Hacked . | . . . . Non-combat . | . . . . Combat . | . . . . Robot Hacks Applied . | . . . . Relay Couplers Released . | . . . . Fabnet Peak Effective % . | . . . . Robots Rewired . | . . . . Allies Hacked . | . . . . Hacks Repelled . | . . . . Allies | -11 -10 -10 -10 -------- Run | Yrd Mat Min Sub Total Allies . | . . . . Largest Group . | . . . . Highest-Rated Group . | . . . . Highest-Rated Ally . | . . . . Total Orders . | . . . . Ally Attacks . | . . . . Total Damage . | . . . . Kills . | . . . . Allies Corrupted . | . . . . Allies Melted . | . . . . Intel | -11 -10 -10 -10 ------- Run | Yrd Mat Min Sub Active Infowar (turns) . | . . . . Robot Analysis Total . | . . . . Derelict Logs Recovered . | . . . . Drone Launches . | . . . . Drone Recoveries . | . . . . Exploration | -11 -10 -10 -10 ------------- Run | Yrd Mat Min Sub Turns Passed 825 | 78 211 339 197 Spaces Moved 401 | 61 103 154 83 Core 10 | 8 . . 2 Treads 170 | . . 126 44 Legs 184 | 53 103 28 . Wheels 37 | . . . 37 Hover . | . . . . Flight . | . . . . Fastest Speed 50 | 50 120 120 110 Average Speed 135 | 110 120 152 138 Slowest Speed 200 | 120 120 160 200 Overloaded Moves . | . . . . Propulsion Burnouts . | . . . . Robots Hopped . | . . . . Potential Cave-ins . | . . . . Cave-ins Triggered . | . . . . Exploration Rate (%) 23 | 4 36 42 10 Regions Visited 3 Branch Regions 2 Pre-discovered Areas . | . . . . Known Exits Taken . | . . . . Unknown Exits Taken 3 | 1 1 1 . Scrap Searched . | . . . . Spaces Dug . | . . . . Terrain Destroyed . | . . . . Melee . | . . . . Projectile . | . . . . AOE . | . . . . Terrain Rammed . | . . . . Walls Destroyed . | . . . . Machines Disabled . | . . . . Actions | -11 -10 -10 -10 --------- Run | Yrd Mat Min Sub Total 587 | 68 141 233 145 Wait 105 | . 8 50 47 Move 398 | 60 102 153 83 Hop . | . . . . Pick Up 8 | 2 2 3 1 Fast Attach 13 | 6 1 5 1 Attach 3 | . 1 . 2 Detach 1 | . . 1 . Swap 3 | . 2 1 . Drop 7 | . . 7 . Fire 49 | . 25 13 11 Melee . | . . . . Ram . | . . . . Kick . | . . . . Crush . | . . . . Escape Stasis . | . . . . Rewire . | . . . . Trap . | . . . . Miscellaneous . | . . . . Route ------- -11/Scrapyard -10/Materials -10/Mines -10/Subcaves History --------- Turn | Location | Event 5 | -11/Scrapyard | Discovered new exit (range 15) 79 | -11/Scrapyard | Entered Materials 278 | -10/Materials | Discovered new exit (range 11) 290 | -10/Materials | Entered Mines 293 | -10/Mines | Joined a pair of Derelicts in attacking an 0b10 outpost 302 | -10/Mines | Core integrity fell below 50% 307 | -10/Mines | Build established: Mutant 613 | -10/Mines | Discovered new exit (range 5) 629 | -10/Mines | Entered Subcaves 630 | -10/Subcaves | Approached by a straggling Scientist 749 | -10/Subcaves | Core integrity fell below 20% 791 | -10/Subcaves | Lost 4 parts (2n2u) 808 | -10/Subcaves | Shifting Twisted Machinery released Battle Cannon 826 | -10/Subcaves | Destroyed by U6-NMP(R) with Subdweller Beam Cannon Last Messages --------------- nasty situation. At least I think I can... The group I got separated from was talking about a shortcut back to the UFD." M5-AYL(c): "I think it's somewhere southwest of here" M5-AYL(c): "I think it's somewhere south of here" 00752_ Lgt. Treads destroyed. 00754_ Sub. Optics melted. 00754_ FO-WUP(R) destroyed. 00755_ Subatomizers dissect the Sub. Machine Gun. 00758_ Lgt. Armor Plating destroyed. 00760_ Imp. Heat Sink destroyed. 00767_ Subatomizers dissect the Sub. Machine Gun. 00769_ PJ-8YA(R) suffers critical hit (Meltdown). 00769_ Disposable Heat Sink melted. 00769_ Sub. Laser melted. 00776_ Acquired Sub. Monowheel. 00780_ Acquired Battle Rifle. 00781_ Subatomizers dissect the Sub. Machine Gun. M5-AYL(c): "I think it's somewhere south of here" 00783_ Acquired 30 matter. Battle Cannon falls loose from the Twisted Machinery. Map ----- +----------------------------------------------------+ | ?????????????# /%[ ##???????????????????### | | ?????????????#### |%##??????????????????????## | | ????????????????#### !####?????????????????????? | | ???????????????????# ##????????????????????? | | ???????????????????# ##???????????????????? | | ???????????????????# #???????????????????? | | ???????????????????## ### ##??????????????????? | | ????????????????????#####?# #??????????????????? | | ??????????????????????????# #??????????????????? | | ?????????????????????????## #??????????????????? | | ?????????????????##?????## ##??????????????????? | | ????????????????## ???# ###?????????????????? | | ???????????? ### ### #?????????????????? | | ????????????# ##?????????????????? | | ????????????? ##??????????????????? | | ?????????????# ##??????????????????? | | ??????????????## ### ##?????????????????? | | ???????????????# ## ??# #?????????????????? | | ?????????????### ####### #?????????????????? | | ?????????????# # # # ##?????????????????? | | ????????????## c ##??????????????????? | | ????????????# ?????# #??????????????????? | | ????????????# ?##?### ## ###??????????????????? | | ????????????? ???# ####????????????????????? | | ??????????????? ??# ##???????????????????? | | ????????????????? ### @ " #???????????????????? | | ?????????????????## # "R" #???????????????????? | | ?????????????????# """" #???????????????????? | | ?????????????????## ]""" #???????????????????? | | ??????????????????# #""## #???????????????????? | | ?????????????????# ####### "??????????????????? | | ?????????????????##???????? ?????????????????? | | ??????????????????????????? ????????????????? | | ??????????????????????????? #???????????????? | | ???????????????????????????? #???????????????? | | ???????????????????????????? ####???????????????? | | ????????????????????????????###??????????????????? | | ?????????????????????????????????????????????????? | | ?????????????????????????????????????????????????? | | ?????????????????????????????????????????????????? | | ?????????????????????????????????????????????????? | | ?????????????????????????????????????????????????? | | ?????????????????????????????????????????????????? | | ?????????????????????????????????????????????????? | | ?????????????????????????????????????????????????? | | ?????????????????????????????????????????????????? | | ?????????????????????????????????????????????????? | | ?????????????????????????????????????????????????? | | ?????????????????????????????????????????????????? | | ?????????????????????????????????????????????????? | +----------------------------------------------------+ Best States ------------- Heat Dissipation 39 Energy Generation 10 Energy Capacity 250 Matter Stores 300 Matter Capacity 300 Sight Range 16 Terrain Scan Density 10 Armor Coverage 150 Propulsion Shielding 33 Utility Shielding 33 Evasion (%) 55 Targeting Accuracy 5 Recoil Reduction 2 Item Schematics ----------------- None Robot Schematics ------------------ None Fabricated ------------ Nothing Repaired ---------- Nothing Studied --------- None Alien Tech Used ----------------- None Achievements -------------- None Challenges ------------ None Game ------ Seed FocalShrapnelFragment Manual? 0 Play Time 00:05:33 Cumulative 662.8 hours Start 2026.07.07 @ 14:05:42 End 2026.07.07 @ 14:10:30 Sessions 1 Manual Loads 0 Difficulty Rogue Special Mode None Game No. 437 Rogue 437 Adventurer 0 Explorer 0 Win Type - Total 38 Types 25/1/6/6/0/0/0/0/0/0 Lore% 72 Gallery% 69 Achievement% 52 Wizard Run 0 Options --------- Layout 0 ASCII 1 Keyboard 0 Movement Numpad Keybinds 0 Fullscreen 2 Font 24/Smallcaps Map View 76x50 Zoom Use 0% Tactical HUD 1 Map Filters NONE Filters NONE Steam 1 RUN: b302264f-9998-492e-81d8-0c8d34c9a580